 Dungeon Crawl Stone Soup version 0.19-a0-1886-gd64a0f0 (webtiles) character file.

689 Kirkhe the Chopper (level 7, 0/50 HPs)
             Began as a Demonspawn Gladiator on Oct 15, 2016.
             Slain by an orc
             ... wielding a +0 mace
              (5 damage)
             ... on level 4 of the Dungeon.
             The game lasted 00:06:46 (2967 turns).

Kirkhe the Chopper (Demonspawn Gladiator)           Turns: 2967, Time: 00:06:46

Health: 0/50       AC:  7    Str: 17    XL:     7   Next: 36%
Magic:  6/6        EV: 18    Int: 18    God:
Gold:   163        SH:  0    Dex: 19    Spells: 0 memorised, 6 levels left

rFire  . . .     SeeInvis .     a - +1 war axe
rCold  + . .     Gourm    .     b - +0 leather armour
rNeg   . . .     Faith    .     (no shield)
rPois  .         Spirit   .     c - +0 helmet
rElec  .         Dismiss  .     (no cloak)
rCorr  .         Reflect  .     (no gloves)
MR     .....     Harm     .     (no boots)
Stlth  +.........               (no amulet)
                                v - ring of protection from cold
                                x - +4 ring of intelligence

@: confused, brilliant, agile, lethally poisoned (0 -> -9)
A: hooves 2, molten scales 2, low mp 1, wild magic 1, rot immunity
a: no special abilities


You were on level 4 of the Dungeon.
You were very hungry.

You visited 1 branch of the dungeon, and saw 4 of its levels.

You collected 163 gold pieces.

Inventory:

Hand Weapons
 a - a +1 war axe (weapon)
 n - a +2 short sword of electrocution
Missiles
 g - 35 poisoned needles
 u - a throwing net (quivered)
Armour
 b - a +0 leather armour (worn)
 c - a +0 helmet (worn)
 k - a +0 ring mail
Jewellery
 h - an uncursed ring of flight
 o - an uncursed ring of wizardry
 v - a ring of protection from cold (right hand)
 x - a +4 ring of intelligence (left hand)
Wands
 t - a wand of enslavement (2/24)
Scrolls
 j - a scroll of teleportation
 l - a scroll of remove curse
Potions
 e - 2 potions of resistance
Comestibles
 f - 3 bread rations
 m - 3 meat rations
 r - a royal jelly


   Skills:
 - Level 2.0 Fighting
 + Level 7.4 Axes
 - Level 1.7 Throwing
 + Level 2.5 Armour
 - Level 2.6 Dodging


You had 6 spell levels left.
You didn't know any spells.

Dungeon Overview and Level Annotations

Branches:
Dungeon (4/15)
 Temple: D:4-7

Altars:
Kikubaaqudgha
Makhleb
Trog
Yredelemnul
Zin


Innate Abilities, Weirdness & Mutations

You have hoof-like feet.
You are mostly covered in molten scales. (AC +3)
You are immune to rotting.
Your magical capacity is low. (-10% MP)
Your spells are a little harder to cast, but a little more powerful.


Message History

The orc hits you with a mace.
* * * LOW HITPOINT WARNING * * *
You barely miss the jackal. You kick the jackal, but do no damage.
You closely miss the worker ant. You hit the orc.
* * * LOW HITPOINT WARNING * * *
You feel sick. The worker ant bites you.
* * * LOW HITPOINT WARNING * * *
The orc wizard gestures at you while chanting.
The magic dart hits you!
* * * LOW HITPOINT WARNING * * *
You barely miss the orc. You kick the orc.
The orc is heavily wounded.
You hit the jackal.
You hit the worker ant but do no damage.
You closely miss the jackal.
* * * LOW HITPOINT WARNING * * *
You feel sick. The jackal misses you. The jackal closely misses you.
The worker ant bites you but does no damage.
The orc hits you with a mace.
You die...

#######.# ##.......#
##### #.>.###### ....#
#...# ###.# #(..# ###.###
#..o# ......#### #[..#
.##)....[# #...#
#...##.#####.h@#######.
.##............oha.h.....
.......†..÷)....o.h......
###........)..>..........
#..###.###.#...#.#####.
#......# #.#...#.#
##.##### #.#...#.# #.#
.#...#.# ..# .#... .#


You could see a worker ant, 2 orc wizards, an orc and 4 jackals.

Vanquished Creatures
  Sigmund (D:2)
  A phantom (D:4)
  An ogre (D:4)
  A scorpion (D:4)
  A howler monkey (D:4)
  A hound (D:4)
  A worker ant (D:4)
  11 adders
  An ooze (D:2)
  5 worms
  3 dart slugs
  2 leopard geckos
  6 orcs
  A ball python (D:3)
  7 bats
  3 giant cockroaches
  10 goblins
  7 hobgoblins
  3 jackals (D:3)
  2 quokkas (D:4)
  6 frilled lizards
  10 kobolds
  8 rats
92 creatures vanquished.

Vanquished Creatures (others)
  A human (D:2)
1 creature vanquished.

Grand Total: 93 creatures vanquished

Notes
Turn   | Place    | Note
-------+----------+-------------------------------------------
     0 | D:1      | Kirkhe the Demonspawn Gladiator began the quest for the Orb.
     0 | D:1      | Reached XP level 1. HP: 16/16 MP: 1/1
   137 | D:1      | Reached skill level 3 in Axes
   195 | D:1      | Gained mutation: You are partially covered in molten scales. (AC +2) [demonic ancestry]
   195 | D:1      | Reached XP level 2. HP: 19/22 MP: 2/2
   563 | D:2      | Gained mutation: You have large cloven feet. [demonic ancestry]
   563 | D:2      | Reached XP level 3. HP: 27/27 MP: 3/3
   682 | D:2      | Reached skill level 4 in Axes
   693 | D:2      | Found an ancient bone altar of Kikubaaqudgha.
   693 | D:2      | Noticed a human
   697 | D:2      | Killed a human
   717 | D:2      | Noticed Sigmund
   729 | D:2      | Killed Sigmund
   729 | D:2      | Reached skill level 5 in Axes
   729 | D:2      | Reached skill level 1 in Armour
   729 | D:2      | Reached XP level 4. HP: 27/33 MP: 4/4
   729 | D:2      | Gained mutation: You are mostly covered in molten scales. (AC +3) [demonic ancestry]
   729 | D:2      | Reached XP level 5. HP: 31/38 MP: 5/5
  1737 | D:3      | Gained mutation: You are immune to rotting. [demonic ancestry]
  1737 | D:3      | Reached XP level 6. HP: 40/44 MP: 6/6
  1931 | D:3      | Reached skill level 6 in Axes
  2128 | D:3      | Found a basalt altar of Yredelemnul.
  2291 | D:3      | Found a bloodstained altar of Trog.
  2355 | D:3      | Found a burning altar of Makhleb.
  2360 | D:3      | Found a glowing silver altar of Zin.
  2360 | D:3      | Noticed an angel
  2361 | D:3      | Noticed an Executioner
  2700 | D:4      | Reached skill level 7 in Axes
  2700 | D:4      | Gained mutation: You have hoof-like feet. [demonic ancestry]
  2700 | D:4      | Reached XP level 7. HP: 39/50 MP: 7/7
  2954 | D:4      | Gained mutation: Your spells are a little harder to cast, but a little more powerful. [potion of mutation]
  2954 | D:4      | Gained mutation: Your magical capacity is low. (-10% MP) [potion of mutation]
  2966 | D:4      | HP: 1/50 [orc wizard/magic dart (3)]
  2967 | D:4      | Slain by an orc

Vault maps used:
D:1:      shiori_shiawase
D:2:      first_bread, tgw_kikubaaqudgha, uniq_sigmund
D:3:      kennysheep_six_static_rooms, grunt_temple_overflow_order_and_chaos_2,
          lemuel_doored_altar, nicolae_overflow_hidden_temple, minmay_guardbox
D:4:      kennysheep_little_box, uniq_pikel, uniq_edmund

Skill      XL: |  1  2  3  4  5  6 |
---------------+-------------------+-----
Axes           | 3 5 7 |  7.4
Armour         | 1 2 |  2.5
Fighting       | |  2.0
Throwing       | |  1.7
Dodging        | |  2.6

Action                   |  1- 3 |  4- 6 |  7- 9 || total
-------------------------+-------+-------+-------++-------
Melee: War axe           |    66 |   222 |    40 ||   328
       Kick              |     3 |    40 |    18 ||    61
Throw: Throwing net      |       |     3 |       ||     3
  Use: Scroll            |     1 |     9 |       ||    10
       Potion            |     1 |     1 |     5 ||     7
  Eat: Chunk             |       |     6 |       ||     6
Armor: Leather armour    |    12 |    82 |    16 ||   110
Dodge: Dodged            |    47 |   169 |    42 ||   258
